 Dungeon Sprint DCSS version 0.27-a0-46-g34d46f0a3f (webtiles) character file.

Game seed: 17850183331884401541

5859 mhtbhm the Carver (level 11, -1/92 HPs)
             Began as a Human Fighter on Jan 7, 2021.
             Was the Champion of Okawaru.
             Slain by a cane toad (18 damage)
             ... in the Dungeon (Sprint IX: "|||||||||||||||||||||||||||||").
             The game lasted 00:02:37 (1940 turns).

mhtbhm the Carver (Human Fighter)                   Turns: 1940, Time: 00:02:38

Health: -1/92      AC: 18    Str: 20    XL:     11   Next: 7%
Magic:  11/11      EV: 12    Int:  8    God:    Okawaru [******]
Gold:   0          SH: 12    Dex: 13    Spells: 10/10 levels left

rFire    . . .     SeeInvis .   a - +8 whip "Snakebite" {curare, rPois}
rCold    . . .     Faith    .   c - +0 kite shield
rNeg     . . .     Spirit   .   b - +1 chain mail
rPois    +         Reflect  .   (no helmet)
rElec    .         Harm     .   p - +0 cloak
rCorr    .         Rampage  .   o - +0 pair of gloves
Will     .....     NoTele   +   (no boots)
Stlth    ..........             (no amulet)
HPRegen  0.25/turn              q - +2 ring of protection
MPRegen  0.12/turn              r - +2 ring of evasion

@: no status effects
A: no striking features
a: Renounce Religion, Heroism, Finesse


You were in the Dungeon.
You worshipped Okawaru.
Okawaru was exalted by your worship.
You visited 1 branch

Inventory:

Hand Weapons
 a - the +8 whip "Snakebite" (weapon) {curare, rPois}
   (You found it in the Dungeon)

   It poisons the flesh of those it strikes.
   It protects you from poison.
Armour
 b - a +1 chain mail (worn)
 c - a +0 kite shield (worn)
 o - a +0 pair of gloves (worn)
 p - a +0 cloak (worn)
Jewellery
 q - a +2 ring of protection (left hand)
 r - a +2 ring of evasion (right hand)
Wands
 n - a wand of acid (8)
Scrolls
 j - a scroll of blinking
 l - 4 scrolls of remove curse
 m - 3 scrolls of amnesia
 s - 2 scrolls of identify
 t - a scroll of fog
 u - 2 scrolls of enchant armour
Potions
 d - 2 potions of might
 e - a potion of invisibility
 f - 6 potions of heal wounds
 g - a potion of haste
 h - 4 potions of magic
 i - 2 potions of berserk rage
 k - 4 potions of curing


   Skills:
 + Level 10.4 Fighting
 - Level 12.2 Long Blades
 * Level 10.0 Maces & Flails
 + Level 11.6 Armour
 + Level 6.5 Dodging
 - Level 2.0 Stealth
 + Level 11.7 Shields
 + Level 0.4 Evocations


You had 10 spell levels left.
You didn't know any spells.
Your spell library was empty.

Dungeon Overview and Level Annotations

Branches:
Dungeon (1/1)

Altars:
Cheibriados
Dithmenos
Elyvilon
Fedhas
Gozag
Hepliaklqana
Kikubaaqudgha
Makhleb
Nemelex Xobeh
Okawaru
Qazlal
Ru
Sif Muna
Trog
Uskayaw
Vehumet
Wu Jian
Xom
Yredelemnul
Zin
The Shining One
Beogh
Jiyva
Lugonu


Message History

You kill the five-headed hydra!
Okawaru is honoured by your kill. Something appears at your feet!
Okawaru grants you armour! The wolf bites you but does no damage.
You have reached level 11!
You hit the wolf.
You kill the wolf!
Okawaru accepts your kill.
Your Maces & Flails skill increases to level 10!
You whack the cane toad!
The cane toad is severely wounded.
The cane toad stings you!
* * * LOW HITPOINT WARNING * * *
You barely miss the cane toad.
The cane toad is severely wounded.
You whack the cane toad!
The cane toad is almost dead.
The cane toad stings you!!
You die...

▓▓▓▓▓▓▓▓▓▓▓▓▓▓▓▓▓▓▓▓▓▓▓▓
(...†.'.........@FF.....
▓▓▓▓▓▓▓▓▓▓▓▓▓▓▓▓▓▓▓▓▓▓▓▓▓▓▓▓▓▓▓▓▓
.................................
▓▓▓▓▓▓▓▓▓▓▓▓▓▓▓▓▓▓▓▓▓▓▓▓▓▓▓▓▓▓▓▓▓
.'________________________'..)..[
▓▓▓▓▓▓▓▓▓▓▓▓▓▓▓▓▓▓▓▓▓▓▓▓▓▓▓▓▓▓▓▓▓


You could see a cane toad (corroded) and a blink frog.

Vanquished Creatures
  2 hydras (D)
  An unseen horror (D)
  2 ugly things (D)
  2 cane toads (D)
  4 komodo dragons (D)
  A troll (D)
  2 yaks (D)
  A basilisk (D)
  3 water moccasins (D)
  An orc warrior (D)
  A sky beast (D)
  2 wolves (D)
  A centaur (D)
  3 bullfrogs (D)
  A scorpion (D)
  A hound (D)
  An adder (D)
  2 white imps (D)
  An ufetubus (D)
  A leopard gecko (D)
  An orc (D)
  A giant cockroach (D)
  A hobgoblin (D)
  2 kobolds (D)
38 creatures vanquished.

Notes
Turn   | Place    | Note
-------+----------+-------------------------------------------
     0 | D        | mhtbhm the Human Fighter began the quest for the Orb.
     0 | D        | Reached XP level 1. HP: 18/18 MP: 1/1
    26 | D        | Reached XP level 2. HP: 16/24 MP: 2/2
   229 | D        | Noticed a centaur
   252 | D        | Reached XP level 3. HP: 11/30 MP: 3/3
   265 | D        | Reached skill level 3 in Long Blades
   269 | D        | HP: 1/30 [centaur (5)]
   270 | D        | Killed a centaur
   271 | D        | Reached skill level 5 in Fighting
   271 | D        | Reached skill level 4 in Long Blades
   271 | D        | Reached skill level 5 in Armour
   271 | D        | Reached skill level 1 in Dodging
   271 | D        | Reached skill level 5 in Shields
   271 | D        | Reached XP level 4. HP: 2/39 MP: 4/4
   271 | D        | Reached XP level 5. HP: 2/44 MP: 5/5
   290 | D        | Reached skill level 5 in Long Blades
   295 | D        | Found a roughly hewn altar of Beogh.
   295 | D        | Found a snail-covered altar of Cheibriados.
   295 | D        | Found a shadowy altar of Dithmenos.
   295 | D        | Found a white marble altar of Elyvilon.
   295 | D        | Found a blossoming altar of Fedhas.
   295 | D        | Found an opulent altar of Gozag.
   296 | D        | Found a hazy altar of Hepliaklqana.
   297 | D        | Found a viscous altar of Jiyva.
   298 | D        | Found an ancient bone altar of Kikubaaqudgha.
   299 | D        | Found a corrupted altar of Lugonu.
   300 | D        | Found a burning altar of Makhleb.
   303 | D        | Found a sparkling altar of Nemelex Xobeh.
   304 | D        | Found an iron altar of Okawaru.
   305 | D        | Found a stormy altar of Qazlal.
   306 | D        | Found a sacrificial altar of Ru.
   307 | D        | Found a shimmering blue altar of Sif Muna.
   308 | D        | Found a bloodstained altar of Trog.
   309 | D        | Found a hide-covered altar of Uskayaw.
   310 | D        | Found a radiant altar of Vehumet.
   311 | D        | Found an ornate altar of the Wu Jian Council.
   312 | D        | Became a worshipper of Warmaster Okawaru
   313 | D        | Found a shimmering altar of Xom.
   314 | D        | Found a basalt altar of Yredelemnul.
   315 | D        | Found a glowing silver altar of Zin.
   316 | D        | Found a glowing golden altar of the Shining One.
   581 | D        | Noticed a bullfrog
   581 | D        | Noticed a bullfrog
   581 | D        | Noticed a sky beast
   581 | D        | Noticed an orc warrior
   592 | D        | Killed a bullfrog
   593 | D        | Reached skill level 6 in Long Blades
   593 | D        | Reached XP level 6. HP: 45/52 MP: 6/6
   608 | D        | Killed a sky beast
   608 | D        | Reached * piety under Okawaru
   609 | D        | Reached skill level 7 in Long Blades
   616 | D        | Killed an orc warrior
   617 | D        | Reached skill level 8 in Long Blades
   617 | D        | Reached XP level 7. HP: 33/59 MP: 7/7
   850 | D        | Noticed a cyan ugly thing
   850 | D        | Noticed a cyan ugly thing
   850 | D        | Noticed a troll
   856 | D        | Killed a cyan ugly thing
   856 | D        | Reached ** piety under Okawaru
   857 | D        | Reached skill level 9 in Long Blades
   857 | D        | Reached skill level 5 in Dodging
   857 | D        | Reached skill level 1 in Stealth
   857 | D        | Reached XP level 8. HP: 67/67 MP: 8/8
   861 | D        | Killed a white ugly thing
   861 | D        | Reached *** piety under Okawaru
   862 | D        | Reached skill level 10 in Long Blades
   868 | D        | Killed a troll
   869 | D        | Reached skill level 11 in Long Blades
   869 | D        | Reached XP level 9. HP: 45/74 MP: 9/9
   882 | D        | Killed an unseen horror
   883 | D        | Reached skill level 12 in Long Blades
   883 | D        | Reached skill level 10 in Shields
   884 | D        | Reached **** piety under Okawaru
  1169 | D        | Found the +8 whip "Snakebite" {curare, rPois}
  1196 | D        | Noticed a komodo dragon
  1196 | D        | Noticed a five-headed hydra
  1196 | D        | Noticed a cane toad
  1202 | D        | Killed a komodo dragon
  1428 | D        | Killed a cane toad
  1429 | D        | Reached skill level 10 in Armour
  1429 | D        | Reached XP level 10. HP: 75/83 MP: 10/10
  1468 | D        | Reached skill level 5 in Maces & Flails
  1477 | D        | Killed a five-headed hydra
  1477 | D        | Reached ***** piety under Okawaru
  1501 | D        | Noticed a komodo dragon
  1725 | D        | Killed a komodo dragon
  1726 | D        | Reached skill level 10 in Fighting
  1895 | D        | Noticed a komodo dragon
  1895 | D        | Noticed a cane toad
  1895 | D        | Noticed a komodo dragon
  1896 | D        | Noticed a five-headed hydra
  1905 | D        | Noticed a cane toad
  1917 | D        | Killed a komodo dragon
  1925 | D        | Killed a cane toad
  1928 | D        | Killed a komodo dragon
  1936 | D        | Killed a five-headed hydra
  1936 | D        | Reached ****** piety under Okawaru
  1936 | D        | Received a gift from Okawaru
  1937 | D        | Reached XP level 11. HP: 33/92 MP: 11/11
  1938 | D        | Reached skill level 10 in Maces & Flails
  1940 | D        | Slain by a cane toad

Illustrated notes

Levels and vault maps discovered:
D:        linesprint [early_d, line_temple, items_1, d_10, items_2, lair_1,
          lair_end, items_3, orc_1, orc_end, items_4, d_15, swamp_1, shoals_1,
          snake_1, spider_1, d_20, vaults_1, items_5, swamp_end, shoals_end,
          snake_end, spider_end, vaults_end, d_27, items_6, zot_1, zot_end,
          crypt_end, forest_end, elf_end, slime_end, tomb_end, abyss_end,
          pan_hell_end]

Skill      XL: |  1  2  3  4  5  6  7  8  9 10 11 |
---------------+----------------------------------+-----
Shields        | 4 5 6 8 9 10 11 | 11.7
Fighting       | 4 5 6 7 8 9 10 | 10.4
Armour         | 4 5 6 7 8 10 11 | 11.6
Long Blades    | 4 6 8 9 11 12 | 12.2
Dodging        | 1 3 4 5 6 |  6.5
Stealth        | 1 2 |  2.0
Maces & Flails | 4 9 10 | 10.0
Evocations     | |  0.4

Action                   |  1- 3 |  4- 6 |  7- 9 | 10-12 || total
-------------------------+-------+-------+-------+-------++-------
Melee: Long sword        |    60 |    18 |       |       ||    78
       Scimitar          |       |    34 |    41 |       ||    75
       Whip              |       |       |    20 |    86 ||   106
Evoke: Wand              |       |       |       |     2 ||     2
  Use: Potion            |     1 |     1 |     1 |       ||     3
       Scroll            |       |       |     1 |       ||     1
Armor: Scale mail        |    34 |     8 |       |       ||    42
       Chain mail        |       |    18 |    23 |    34 ||    75
Dodge: Dodged            |    27 |    13 |    15 |    24 ||    79
Block: Kite shield       |    37 |    28 |    28 |    44 ||   137
       Rpst.: Long sword |     8 |     3 |       |       ||    11
       Scimitar          |       |     4 |     2 |       ||     6

Table legend: (Time is in decaauts)
 A = Elapsed time spent in this place.
 B = Non-inter-level travel time spent in this place.
 C = Inter-level travel time spent in this place.
 D = Time resting spent in this place.
 E = Time spent auto-exploring this place.
 F = Levels seen in this place.
 G = Mean time per level.
                   A        B        C        D        E       F      G
               +--------+--------+--------+--------+--------+-----+--------+
         Total |   1963 |   1963 |      0 |   1192 |    272 |   1 | 1963.0 |
       Dungeon |   1963 |   1963 |      0 |   1192 |    272 |   1 | 1963.0 |
               +--------+--------+--------+--------+--------+-----+--------+

Top non-repeatable levels by time:
       D: 1963 daAuts
